 Dungeon Crawl Stone Soup version 0.31.0-10-gcf4a605ca0 (webtiles) character file.

Game seed: 12129756214024994492

144 Arcadio the Ruffian (level 5, -4/41 HPs)
             Began as a Merfolk Shapeshifter on Jan 25, 2024.
             Slain by an ogre
             ... wielding a +0 giant club
              (20 damage)
             ... on level 3 of the Dungeon.
             The game lasted 00:04:02 (2865 turns).

Arcadio the Ruffian (Merfolk Shapeshifter)          Turns: 2865, Time: 00:04:03

Health: -4/41      AC:  6    Str: 16    XL:     5   Next: 26%
Magic:  0/5        EV: 12    Int:  9    God:
Gold:   224        SH:  0    Dex: 20    Spells: 4/4 levels left

rFire   . .          .
                       - Unarmed
rCold   + . .        (no shield)
rNeg    . . .        p - +0 scale mail
rPois   .            (helmet currently unavailable)
rElec   .            (cloak currently unavailable)
rCorr   .            (gloves currently unavailable)
SInv    .            (boots currently unavailable)
Will    .....        f - amulet of guardian spirit Stlth
                     k - +6 ring of dexterity
HPRegen 0.26/turn    n - ring of protection from cold
MPRegen 0.09/turn

%: guardian spirit
@: beast-form
A: beast (slay +2), (nimble swimmer 2), mertail
a: Begin Untransformation


You were on level 3 of the Dungeon.
You were a hulking beast.
You visited 1 branch of the dungeon, and saw 4 of its levels.

You collected 224 gold pieces.

Inventory:

Armour
 a - a +0 animal skin
 i - a +0 cloak
 p - a +0 scale mail (worn)
Jewellery
 f - an amulet of guardian spirit (around neck)
 k - a +6 ring of dexterity (left hand)
 n - a ring of protection from cold (right hand)
Talismans
 c - a beast talisman
 d - a flux talisman
Scrolls
 e - a scroll of torment
 h - a scroll of fear {unknown}
 l - 4 scrolls of enchant armour
 m - 4 scrolls of teleportation
Potions
 b - a potion of lignification
 g - a potion of invisibility
 j - a potion of cancellation {unknown}
 o - 3 potions of curing
 q - a potion of magic {unknown}
 r - 2 potions of heal wounds {unknown}


   Skills:
 + Level 3.2 Fighting
 + Level 4.5 Dodging
 + Level 4.5 Unarmed Combat
 - Level 4.0 Shapeshifting


You had 4 spell levels left.
You didn't know any spells.
Your spell library contained the following spells:

 Spells                   Type           Power      Damage    Failure   Level
 Slow                     Hex            0%         N/A       83%         1
 Lesser Beckoning         Tloc           0%         N/A       93%         2
 Confusing Touch          Hex            0%         N/A       99%         3
 Gell's Gravitas          Tloc           0%         N/A       99%         3
 Sigil of Binding         Hex            0%         N/A       99%         3
 Teleport Other           Tloc           0%         N/A       99%         3
 Vampiric Draining        Necr           0%         2d6       99%         3


Dungeon Overview and Level Annotations

Branches:
Dungeon (4/15)
 Temple: D:4-7

Altars:
Qazlal


Innate Abilities, Weirdness & Mutations

You are a hulking beast.
Your limbs bulge with bestial killing power. (Slay +2)
((You are very nimble when in or above water. (Stealth+, EV+, Speed+++)))
Your lower body shifts to a powerful aquatic tail in water.


Message History

You kill the dart slug!
The kobold throws a stone.
The stone barely misses you.
The kobold throws a stone.
The stone barely misses you.
You see here a +0 short sword.
You see here a scroll labelled BESIOSEABUNEP.
The kobold throws a stone.
The stone hits you but does no damage.
There is a stone staircase leading up here.
The kobold throws a stone.
The stone barely misses you.
You climb upwards.
There is a stone staircase leading down here.
You start resting.
HP restored.
You climb downwards.
The ogre misses you.
The kobold throws a stone.
The stone misses you.
The stone barely misses the ogre.
There is a stone staircase leading up here.
The ogre completely misses you.
You climb upwards.
There is a stone staircase leading down here.
You hit the ogre.
The ogre is lightly wounded.
The ogre misses you.
You hit the ogre.
The ogre is lightly wounded.
You completely miss the ogre.
The ogre is lightly wounded.
The ogre hits you with a +0 giant club!
You punch the ogre!
The ogre is heavily wounded.
You hit the ogre.
The ogre is heavily wounded.
The ogre hits you with a +0 giant club!!
You hit the ogre.
The ogre is severely wounded.
The ogre barely misses you.
You hit the ogre.
The ogre is almost dead.
You hit the ogre.
The ogre is almost dead.
The ogre hits you with a +0 giant club!!
You die...

#.#...≈≈§§≈§§..#.################
....§§§≈≈≈§≈....................#
....§≈§.≈≈≈).≈.########....####..
...............########.<..# ###
........)..................## #
##...............####.#.....#####
###..(.......##.##...#......)...
#..........##O##.###....#).###
#.....<....##h.....#######..##
##.......(..#####.#....##.....)
##.......##### ###.###.....#####
#..##.##.## #...# #.........#
##.###.....# ###.#####.###.....#
#..#####...####...# #..####....#
..#...###.......######.##.......#
.##...# #....#######......##....#
......# ###..####.....######....#


You could see an ogre.

Vanquished Creatures
  A sleepcap (D:4)
  Robin (D:2)
  A gnoll (D:1)
  2 adders (D:3)
  3 dart slugs
  A ribbon worm (D:2)
  7 orcs
  A ball python (D:3)
  5 bats
  5 endoplasms
  4 goblins
  10 hobgoblins
  2 jackals (D:2)
  4 kobolds
  4 quokkas
  3 frilled lizards
  9 rats
63 creatures vanquished.

Notes
Turn   | Place    | Note
-------+----------+-------------------------------------------
     0 | D:1      | Arcadio the Merfolk Shapeshifter began the quest for the
                  | Orb.
     0 | D:1      | Reached XP level 1. HP: 15/15 MP: 1/1
   142 | D:1      | Found a faded altar of an unknown god.
   288 | D:1      | Reached XP level 2. HP: 21/21 MP: 2/2
   661 | D:1      | Reached XP level 3. HP: 5/27 MP: 0/3
  1129 | D:2      | Noticed Robin
  1139 | D:2      | Killed Robin
  1525 | D:2      | Reached XP level 4. HP: 34/34 MP: 4/4
  2161 | D:3      | Found a stormy altar of Qazlal.
  2757 | D:4      | Reached XP level 5. HP: 41/41 MP: 5/5
  2767 | D:4      | Noticed an ogre
  2865 | D:3      | Slain by an ogre

Illustrated notes

Levels and vault maps discovered:
D:1:      dpeg_arrival_rooms_c, layout_basic, shapermc_ecumenical_altar_petra,
          item_on_display_a
D:2:      layout_basic, uniq_robin
D:3:      layout_rooms, nicolae_qazlal_general_emergency
D:4:      layout_basic, kennysheep_little_box, minmay_temple_entry_overgrown,
          uniq_duvessa, uniq_sigmund

Skill      XL: |  1  2  3  4 |
---------------+-------------+-----
Dodging        | 3 4 |  4.5
Fighting       | 2 3 |  3.2
Unarmed Combat | 4 |  4.5
Shapeshifting  | |  4.0

Action                     |  1- 3 |  4- 6 || total
---------------------------+-------+-------++-------
  Melee: Unarmed           |    97 |    99 ||   196
         Punch             |     2 |     3 ||     5
    Use: Scroll            |       |     5 ||     5
   Stab: Sleeping          |     3 |       ||     3
 Armour: Animal skin       |    45 |    21 ||    66
         Scale mail        |       |    22 ||    22
  Dodge: Dodged            |    59 |    73 ||   132
